 Dungeon Crawl Stone Soup version 0.29-a0-297-g7659ce593d (webtiles) character file.

Game seed: 8740671515657334043

1 kae the Firebug (level 1, -2/10 HPs)
             Began as a Tengu Fire Elementalist on Mar 20, 2022.
             Slain by a goblin
             ... wielding a +0 dagger
              (4 damage)
             ... on level 1 of the Dungeon.
             The game lasted 00:00:03 (55 turns).

kae the Firebug (Tengu Fire Elementalist)             Turns: 55, Time: 00:00:04

Health: -2/10      AC:  2    Str:  8    XL:     1   Next: 20%
Magic:  2/4        EV: 12    Int: 15    God:
Gold:   0          SH:  0    Dex: 14    Spells: 3/4 levels left

rFire   . . .      SeeInvis .   (no weapon)
rCold   . . .      Faith    .   (no shield)
rNeg    . . .      Spirit   .   a - +0 robe
rPois   .          Reflect  .   (helmet restricted)
rElec   .          Harm     .   (no cloak)
rCorr   .          Rampage  .   (no gloves)
Will    .....                   (boots unavailable)
Stlth   ++........              (no amulet)
HPRegen 0.03/turn               (no ring)
MPRegen 0.09/turn               (no ring)

@: no status effects
A: beak, talons 3
a: no special abilities


You were on level 1 of the Dungeon.
You visited 1 branch of the dungeon, and saw 1 of its levels.

Inventory:

Armour
 a - a +0 robe (worn)
Potions
 b - a potion of magic


   Skills:
 + Level 0.0 Fighting
 - Level 2.1 Dodging
 - Level 2.0 Stealth
 + Level 2.0 Spellcasting
 + Level 1.4 Conjurations
 * Level 3.3 Fire Magic


You had 3 spell levels left.
You knew the following spells:

 Your Spells              Type           Power      Damage    Failure   Level
a - Foxfire               Conj/Fire      32%        2x1d5     9%          1

Your spell library contained the following spells:

 Spells                   Type           Power      Damage    Failure   Level
 Scorch                   Fire           22%        2d6       9%          2
 Conjure Flame            Conj/Fire      8%         6-21      26%         3
 Inner Flame              Hex/Fire       6%         N/A       32%         3
 Flame Wave               Conj/Fire      8%         2d5       63%         4


Dungeon Overview and Level Annotations

Branches:
Dungeon (1/15)

Altars:


Innate Abilities, Weirdness & Mutations

You have a beak for a mouth.
You have claws for feet.


Message History

A kobold is nearby!
A hobgoblin comes into view.
The kobold barely misses you.
You hit the kobold but do no damage. The kobold misses you.
There are monsters nearby!
Casting: Foxfire (safe; 9% risk of failure)
Confirm with . or Enter, or press ? or * to list all spells.
You conjure some foxfire!
The kobold hits you but does no damage.
The foxfire hits the kobold.
The kobold is heavily wounded.
The foxfire hits the kobold.
You kill the kobold!
A hobgoblin is nearby!
The hobgoblin shouts!
A goblin comes into view. It is wielding a +0 dagger.
The goblin shouts!
You hear a shout!
There are monsters nearby!
You hit the hobgoblin.
You claw the hobgoblin, but do no damage.
The hobgoblin is moderately wounded.
The hobgoblin hits you.
A goblin comes into view. It is wielding a +0 dagger.
There are monsters nearby!
Casting: Foxfire (safe; 9% risk of failure)
Confirm with . or Enter, or press ? or * to list all spells.
You conjure some foxfire!
The hobgoblin barely misses you. The hobgoblin hits you.
* * * LOW HITPOINT WARNING * * *
There are monsters nearby!
You are too injured to fight recklessly!
You are too injured to fight recklessly!
There are monsters nearby!
There are monsters nearby!
Your foxfire dissipates!
The foxfire hits the hobgoblin.
The hobgoblin is heavily wounded.
The hobgoblin attacks as you move away! The hobgoblin barely misses you.
The hobgoblin attacks as you move away! The hobgoblin barely misses you.
The goblin hits you with a +0 dagger.
You die...

#.#.# #.##...# #.#.#
##.##...## #.#.#
######§.......
#.#.###...##..##...#
..........##..##...#
#.#.###...##..##...# #.#.#
##.###..##.).#
#.#.####.###.....g.####..#
##..............@g..g....#
≈#...###.###.###########.#
###..# #.# #.# # #..# #.#
#.# ≈##.#. ..# #>#
###.##.#.# #.. # #.# .#.#
### ..# #.#


You could see a hobgoblin and 2 goblins.

Vanquished Creatures
  A kobold (D:1)
1 creature vanquished.

Vanquished Creatures (others)
  5 foxfires (D:1)
5 creatures vanquished.

Grand Total: 6 creatures vanquished

Notes
Turn   | Place    | Note
-------+----------+-------------------------------------------
     0 | D:1      | kae the Tengu Fire Elementalist began the quest for the
                  | Orb.
     0 | D:1      | Reached XP level 1. HP: 10/10 MP: 4/4
    55 | D:1      | Slain by a goblin

Illustrated notes

Levels and vault maps discovered:
D:1:      ldierk_walled_garden_2, layout_loops_ring, basic_ecumenical_altar,
          serial_shops, shop_coins, st_stairs_7

Action                   || total
-------------------------++-------
Melee: Unarmed           ||     2
       Kick              ||     1
 Cast: Foxfire           ||     3
Armor: Robe              ||     2
Dodge: Dodged            ||     5

Table legend: (Time is in decaauts)
 A = Elapsed time spent in this place.
 B = Non-inter-level travel time spent in this place.
 C = Inter-level travel time spent in this place.
 D = Time resting spent in this place.
 E = Time spent auto-exploring this place.
 F = Levels seen in this place.
 G = Mean time per level.
                   A        B        C        D        E       F      G
               +--------+--------+--------+--------+--------+-----+--------+
         Total |     55 |     55 |      0 |      0 |     36 |   1 |   55.0 |
       Dungeon |     55 |     55 |      0 |      0 |     36 |   1 |   55.0 |
               +--------+--------+--------+--------+--------+-----+--------+

Top non-repeatable levels by time:
     D:1: 55 daAuts
